Flyers vs Rangers

Created - April 2, 2025 at 19:15

Goals
1 2 3 T
Flyers 1 1 1 3
Rangers 0 1 1 2
Shots
1 2 3 T
Flyers 14 10 8 32
Rangers 6 13 9 28

1st period

1. Flyers , Hampus Lindholm 5 (Erik Karlsson 12) at 8:55

Penalties :
Henrik Samuelsson (NyR) for Tripping (Minor) at 5:09, Steven Santini (NyR) for High sticking (Minor) at 19:54

2nd period

2. Flyers , Travis Konecny 24 (Nick Ritchie 36, Jordan Nolan 50) at 0:48 (PP)
3. Rangers , Connor Chatam 9 (Casey Mittelstadt 5, Mikhail Sergachev 19) at 1:43

Penalties :
Ryan Strome (NyR) for Hooking (Minor) at 1:54, Oliver Bjorkstrand (NyR) for Roughing (Minor) at 7:47, Jake McCabe (NyR) for High sticking (Minor) at 12:45

3rd period

4. Flyers , Calle Jarnkrok 14 (Hampus Lindholm 48, Samuel Morin 13) at 4:00
5. Rangers , Connor Chatam 10 (David Pope 13, Casey Mittelstadt 6) at 16:15

Penalties :
No Penalty

Goalie Stats

Steve Mason (Phi), 26 saves from 28 shots - (0.929), W, 28-13-4, 60:00 minutes
Samuel Montembeault (NyR), 29 saves from 32 shots - (0.906), L, 18-20-7, 59:40 minutes

Players Stats for Flyers

Player Name              G  A  P  +/- PIM S  H  SB GA TA FO     MP     PP MP  PK MP  
------------------------------------------------------------------------------------
Alexandre Grenier        0  0  0   1  0   1  2  0  1  0  0/0     8:03   0:15   0:00 
Brian Lashoff            0  0  0   1  0   3  2  1  1  0  0/0    24:47   5:16   0:00 
Cal Foote                0  0  0   0  0   0  0  0  0  0  0/0    11:43   0:00   0:00 
Calle Jarnkrok           1  0  1   0  0   4  1  0  0  0  4/6    13:17   0:15   0:00 
Erik Karlsson            0  1  1  -1  0   1  2  0  1  0  0/0    21:12   0:00   0:00 
Hampus Lindholm          1  1  2   2  0   2  2  1  1  0  0/0    25:32   5:16   0:00 
Jacob Trouba             0  0  0  -2  0   2  1  3  0  1  0/0    21:10   3:34   0:00 
Jordan Nolan             0  1  1  -1  0   2  2  1  0  0  18/32  19:14   4:00   0:00 
Kasperi Kapanen          0  0  0   0  0   5  4  1  1  0  1/1    20:13   4:35   0:00 
Kevin Hayes              0  0  0   0  0   3  1  0  0  0  7/12   20:13   4:35   0:00 
Lucas Wallmarkk          0  0  0   1  0   1  1  0  1  0  0/2     7:53   0:00   0:00 
Max Pacioretty           0  0  0   0  0   3  1  0  0  0  0/0    20:13   4:35   0:00 
Michael Bournival        0  0  0   1  0   0  0  0  0  0  0/0     7:48   0:15   0:00 
Nathan Beaulieu          0  0  0   0  0   0  0  1  0  0  0/0    14:38   3:34   0:00 
Nick Ritchie             0  1  1  -1  0   1  0  1  1  0  1/4    19:25   4:00   0:00 
Niclas Bergfors          0  0  0   0  0   1  2  0  0  0  0/0    12:40   0:00   0:00 
Samuel Morin             0  1  1   0  0   1  0  0  0  0  0/0    12:45   0:00   0:00 
Travis Konecny           1  0  1  -1  0   2  0  2  1  1  1/2    19:14   4:00   0:00 

Players Stats for Rangers

Player Name              G  A  P  +/- PIM S  H  SB GA TA FO     MP     PP MP  PK MP  
------------------------------------------------------------------------------------
Cale Makar               0  0  0   0  0   4  2  1  0  1  0/0    26:05   0:00   5:26 
Casey Mittelstadt        0  2  2   0  0   1  0  0  0  0  1/5     8:29   0:00   0:24 
Connor Chatam            2  0  2   0  0   3  2  1  0  0  0/0     7:55   0:00   0:00 
David Pope               0  1  1   0  0   2  0  0  0  0  0/0     9:16   0:00   0:50 
Devante Smith-Pelly      0  0  0   0  0   3  0  0  1  0  0/0    15:14   0:00   0:00 
Dmitry Kulikov           0  0  0   0  0   1  1  1  0  1  0/0    20:11   0:00   3:33 
Henrik Samuelsson        0  0  0   0  2   2  1  3  0  0  7/11   14:50   0:00   2:01 
Jake McCabe              0  0  0   0  2   0  2  0  0  0  0/0    25:02   0:00   4:17 
Mikhail Sergachev        0  1  1   0  0   0  0  4  0  0  0/0    19:47   0:00   3:10 
Milan Lucic              0  0  0   0  0   3  1  1  0  1  4/9    20:59   0:00   5:19 
Oliver Bjorkstrand       0  0  0   0  2   1  1  0  0  1  0/1    14:35   0:00   1:12 
Ondrej Palat             0  0  0   0  0   1  0  1  1  0  1/1    15:20   0:00   0:00 
Patrik Nemeth            0  0  0   0  0   1  0  0  0  1  0/0    13:36   0:00   0:14 
Ryan Strome              0  0  0   0  2   2  1  0  0  1  0/0    15:01   0:00   0:00 
Sean Couturier           0  0  0   0  0   1  2  0  0  1  11/24  20:17   0:00   5:15 
Steven Santini           0  0  0   0  2   0  1  0  0  1  0/0    13:59   0:00   1:00 
Tomas Hertl              0  0  0   0  0   2  0  0  0  0  3/8    17:45   0:00   2:39 
Viktor Arvidsson         0  0  0   0  0   1  0  1  0  0  0/0    12:44   0:00   0:00 

3 Stars

1 - Hampus Lindholm (Phi)
2 - Connor Chatam (NyR)
3 - Calle Jarnkrok (Phi)

Power Play

Flyers - 1 on 5 Attempt(s) - 20.00%
Rangers - 0 on 0 Attempt(s) - 0.00%

Penalty Kill

Flyers - 0 on 0 Attempt(s) - 0.00% - Score 0 goal in Penalty Kill
Rangers - 4 on 5 Attempt(s) - 80.00% - Score 0 goal in Penalty Kill

Team Stat

Flyers - Hits : 21 - Faceoff Wins : 32 - Blocked Shots : 11 - Penalty Minutes : 0
Rangers - Hits : 14 - Faceoff Wins : 27 - Blocked Shots : 13 - Penalty Minutes : 10

Official

Referees : Chris Rooney and Kyle Rehman
Linesman : Greg Devorski and Bryan Pancich

Game Notes

No Game Note

Finance

Level 1 -- Attendance: 5816 (96.93%) -- Ticket Income $581,600
Level 2 -- Attendance: 4810 (96.20%) -- Ticket Income $336,700
Level 3 -- Attendance: 1977 (98.85%) -- Ticket Income $79,080
Level 4 -- Attendance: 3537 (88.43%) -- Ticket Income $106,110
Luxury Box -- Attendance: 929 (92.90%) -- Ticket Income $185,800
Game was played at the Madison Square Garden.
Total Attendance: 17069 (94.83%)
Total Ticket Income: $1,289,290
Other Income: $193,394
Total Income: $1,482,684

Flyers

5 vs 5 Forward 
   Center                   Left Wing                Right Wing               Time % Phy DF OF 
 1 Jordan Nolan             Nick Ritchie             Travis Konecny           40     0   2  3  
 2 Kevin Hayes              Max Pacioretty           Kasperi Kapanen          30     0   2  3  
 3 Calle Jarnkrok           Samuel Morin             Niclas Bergfors          22     0   3  2  
 4 Lucas Wallmarkk          Michael Bournival        Alexandre Grenier        8      1   3  1  

5 vs 5 Defense 
   Defense                  Defense                                           Time % Phy DF OF 
 1 Hampus Lindholm          Brian Lashoff                                     40     0   3  2  
 2 Jacob Trouba             Erik Karlsson                                     33     0   2  3  
 3 Nathan Beaulieu          Cal Foote                                         20     0   3  2  
 4 Hampus Lindholm          Erik Karlsson                                     7      0   2  3  

PowerPlay Forward 
   Center                   Left Wing                Right Wing               Time % Phy DF OF 
 1 Jordan Nolan             Nick Ritchie             Travis Konecny           55     0   1  4  
 2 Kevin Hayes              Max Pacioretty           Kasperi Kapanen          45     0   1  4  

PowerPlay Defense
   Defense                  Defense                                           Time % Phy DF OF 
 1 Hampus Lindholm          Brian Lashoff                                     55     0   1  4  
 2 Nathan Beaulieu          Jacob Trouba                                      45     0   1  4  

Penalty Kill 4 Players Forward 
   Center                   Wing                     Time % Phy DF OF 
 1 Kevin Hayes              Samuel Morin             60     1   4  0  
 2 Calle Jarnkrok           Max Pacioretty           40     1   4  0  

Penalty Kill 4 Players Defense
   Defense                  Defense                  Time % Phy DF OF 
 1 Hampus Lindholm          Brian Lashoff            55     1   4  0  
 2 Jacob Trouba             Cal Foote                45     1   4  0  

Penalty Kill - 3 Players Forward 
   Forward                                           Time % Phy DF OF 
 1 Kevin Hayes                                       55     1   4  0  
 2 Jordan Nolan                                      45     1   4  0  

Penalty Kill - 3 Players Defense
   Defense                  Defense                  Time % Phy DF OF 
 1 Hampus Lindholm          Brian Lashoff            55     1   4  0  
 2 Jacob Trouba             Cal Foote                45     1   4  0  

4 vs 4 Forward 
   Center                   Wing                     Time % Phy DF OF 
 1 Jordan Nolan             Nick Ritchie             55     0   2  3  
 2 Kevin Hayes              Kasperi Kapanen          45     0   2  3  

4 vs 4 Defense
   Defense                  Defense                  Time % Phy DF OF 
 1 Hampus Lindholm          Brian Lashoff            55     0   3  2  
 2 Jacob Trouba             Erik Karlsson            45     0   3  2  

Last Minutes Offensive
   Center                   Left Wing                Right Wing               Defense                  Defense                  
   Jordan Nolan             Nick Ritchie             Kasperi Kapanen          Hampus Lindholm          Brian Lashoff            

Last Minutes Defensive
   Center                   Left Wing                Right Wing               Defense                  Defense                  
   Kevin Hayes              Samuel Morin             Kasperi Kapanen          Hampus Lindholm          Brian Lashoff            

Goaltenders
Starting : Steve Mason              
Backup : Ilya Sorokin             

Extra Forwards
Normal : Nick Ritchie, Kasperi Kapanen, Calle Jarnkrok - PP : Nick Ritchie, Kevin Hayes - PK : Nick Ritchie
Extra Defensemen
Normal : Hampus Lindholm, Erik Karlsson, Nathan Beaulieu - PP : Hampus Lindholm - PK : Hampus Lindholm, Erik Karlsson
Penalty Shots
Niclas Bergfors, Jordan Nolan, Kasperi Kapanen, Travis Konecny, Nick Ritchie
Custom OT Lines Forwards
Jordan Nolan, Nick Ritchie, Kasperi Kapanen, Niclas Bergfors, Travis Konecny, Max Pacioretty, Samuel Morin, Kevin Hayes, Calle Jarnkrok, Michael Bournival
Custom OT Lines Defensemen
Hampus Lindholm, Brian Lashoff, Erik Karlsson, Nathan Beaulieu, Jacob Trouba

Scratches
None

Rangers

5 vs 5 Forward 
   Center                   Left Wing                Right Wing               Time % Phy DF OF 
 1 Sean Couturier           Milan Lucic              Ryan Strome              35     1   2  2  
 2 Tomas Hertl              Ondrej Palat             Devante Smith-Pelly      30     1   2  2  
 3 Henrik Samuelsson        Viktor Arvidsson         Oliver Bjorkstrand       25     1   2  2  
 4 Casey Mittelstadt        David Pope               Connor Chatam            10     1   2  2  

5 vs 5 Defense 
   Defense                  Defense                                           Time % Phy DF OF 
 1 Jake McCabe              Cale Makar                                        40     1   2  2  
 2 Dmitry Kulikov           Mikhail Sergachev                                 30     1   2  2  
 3 Patrik Nemeth            Steven Santini                                    20     1   2  2  
 4 Jake McCabe              Cale Makar                                        10     1   2  2  

PowerPlay Forward 
   Center                   Left Wing                Right Wing               Time % Phy DF OF 
 1 Sean Couturier           Milan Lucic              Devante Smith-Pelly      60     1   2  2  
 2 Tomas Hertl              Viktor Arvidsson         Ryan Strome              40     1   2  2  

PowerPlay Defense
   Defense                  Defense                                           Time % Phy DF OF 
 1 Jake McCabe              Cale Makar                                        60     1   2  2  
 2 Ondrej Palat             Mikhail Sergachev                                 40     1   2  2  

Penalty Kill 4 Players Forward 
   Center                   Wing                     Time % Phy DF OF 
 1 Milan Lucic              Sean Couturier           60     1   2  2  
 2 Henrik Samuelsson        Tomas Hertl              40     1   2  2  

Penalty Kill 4 Players Defense
   Defense                  Defense                  Time % Phy DF OF 
 1 Jake McCabe              Cale Makar               60     1   2  2  
 2 Dmitry Kulikov           Mikhail Sergachev        40     1   2  2  

Penalty Kill - 3 Players Forward 
   Forward                                           Time % Phy DF OF 
 1 Henrik Samuelsson                                 60     1   2  2  
 2 Sean Couturier                                    40     1   2  2  

Penalty Kill - 3 Players Defense
   Defense                  Defense                  Time % Phy DF OF 
 1 Jake McCabe              Cale Makar               60     1   2  2  
 2 Dmitry Kulikov           Mikhail Sergachev        40     1   2  2  

4 vs 4 Forward 
   Center                   Wing                     Time % Phy DF OF 
 1 Milan Lucic              Sean Couturier           60     1   2  2  
 2 Tomas Hertl              Viktor Arvidsson         40     1   2  2  

4 vs 4 Defense
   Defense                  Defense                  Time % Phy DF OF 
 1 Jake McCabe              Cale Makar               60     1   2  2  
 2 Dmitry Kulikov           Mikhail Sergachev        40     1   2  2  

Last Minutes Offensive
   Center                   Left Wing                Right Wing               Defense                  Defense                  
   Sean Couturier           Milan Lucic              Devante Smith-Pelly      Jake McCabe              Cale Makar               

Last Minutes Defensive
   Center                   Left Wing                Right Wing               Defense                  Defense                  
   Sean Couturier           Milan Lucic              Devante Smith-Pelly      Jake McCabe              Cale Makar               

Goaltenders
Starting : Samuel Montembeault      
Backup : Eric Comrie              

Extra Forwards
Normal : Ryan Strome, Ondrej Palat, Oliver Bjorkstrand - PP : Tomas Hertl, Ondrej Palat - PK : Oliver Bjorkstrand
Extra Defensemen
Normal : Patrik Nemeth, Steven Santini, Dmitry Kulikov - PP : Patrik Nemeth - PK : Steven Santini, Dmitry Kulikov
Penalty Shots
Milan Lucic, Sean Couturier, Tomas Hertl, Viktor Arvidsson, Devante Smith-Pelly
Custom OT Lines Forwards
Milan Lucic, Sean Couturier, Tomas Hertl, Ryan Strome, Devante Smith-Pelly, Viktor Arvidsson, Ondrej Palat, Oliver Bjorkstrand, David Pope, Casey Mittelstadt
Custom OT Lines Defensemen
Jake McCabe, Cale Makar, Dmitry Kulikov, Mikhail Sergachev, Patrik Nemeth

Scratches
Seth Griffith (Healthy), Stefan Noesen (Healthy), Vince Dunn (Healthy)

% Time on Ice - Flyers

Lines # - Real PCT - Wanted PCT - Time Play
Normal Forward
1 - 30% - 40% - 15:14
2 - 31% - 30% - 15:38
3 - 25% - 22% - 12:34
4 - 15% - 8% - 7:33
Normal Defense
1 - 37% - 40% - 19:05
2 - 35% - 33% - 17:36
3 - 24% - 20% - 12:09
4 - 4% - 7% - 2:09
PP Forward
1 - 48% - 55% - 4:15
2 - 52% - 45% - 4:35
PP Defense
1 - 60% - 55% - 5:16
2 - 40% - 45% - 3:34
PK Forward
1 - 0% - 60%
2 - 0% - 40%
PK Defense
1 - 0% - 55%
2 - 0% - 45%
PK3 Forward
1 - 0% - 55%
2 - 0% - 45%
PK3 Defense
1 - 0% - 55%
2 - 0% - 45%
44 Forward
1 - 0% - 55%
2 - 0% - 45%
44 Defense
1 - 0% - 55%
2 - 0% - 45%
Last Minute Offensive  - 0:00
Last Minute Defensive  - 0:11
Total
Forward - 60:00
Defense - 60:00

% Time on Ice - Rangers

Lines # - Real PCT - Wanted PCT - Time Play
Normal Forward
1 - 30% - 35% - 15:31
2 - 30% - 30% - 15:06
3 - 25% - 25% - 12:44
4 - 15% - 10% - 7:38
Normal Defense
1 - 39% - 40% - 20:05
2 - 33% - 30% - 16:37
3 - 25% - 20% - 12:49
4 - 3% - 10% - 1:28
PP Forward
1 - 0% - 60%
2 - 0% - 40%
PP Defense
1 - 0% - 60%
2 - 0% - 40%
PK Forward
1 - 70% - 60% - 6:11
2 - 30% - 40% - 2:39
PK Defense
1 - 64% - 60% - 5:40
2 - 36% - 40% - 3:10
PK3 Forward
1 - 0% - 60%
2 - 0% - 40%
PK3 Defense
1 - 0% - 60%
2 - 0% - 40%
44 Forward
1 - 0% - 60%
2 - 0% - 40%
44 Defense
1 - 0% - 60%
2 - 0% - 40%
Last Minute Offensive  - 0:11
Last Minute Defensive  - 0:00
Total
Forward - 60:00
Defense - 60:00

Play-by-Play

1st period


0:01 of 1st period - Milan Lucic wins face-off versus Jordan Nolan in neutral zone.
0:41 of 1st period - Jake McCabe is hit by Kasperi Kapanen.
1:36 of 1st period - Off-side.
1:37 of 1st period - Jordan Nolan wins face-off versus Tomas Hertl in neutral zone.
1:54 of 1st period - Wrist shot by Devante Smith-Pelly.
1:54 of 1st period - Shot Misses the Net.
2:14 of 1st period - Snap shot by Henrik Samuelsson.
2:14 of 1st period - Shot Misses the Net.
2:30 of 1st period - Slapshot by Jake McCabe.
2:30 of 1st period - Deflect By David Pope.
2:30 of 1st period - Shot Misses the Net.
2:30 of 1st period - Puck is out of play.
2:31 of 1st period - Calle Jarnkrok wins face-off versus Casey Mittelstadt in Flyers zone.
2:37 of 1st period - Off-side.
2:38 of 1st period - Sean Couturier wins face-off versus Jordan Nolan in neutral zone.
2:40 of 1st period - Off-side.
2:41 of 1st period - Jordan Nolan wins face-off versus Sean Couturier in neutral zone.
2:44 of 1st period - Slapshot by Nick Ritchie.
2:44 of 1st period - Shot Misses the Net.
2:54 of 1st period - Snap shot by Ryan Strome.
2:54 of 1st period - Shot Misses the Net.
3:16 of 1st period - Slapshot by Erik Karlsson.
3:16 of 1st period - Deflect By Devante Smith-Pelly.
3:16 of 1st period - Stopped by Samuel Montembeault with a rebound.
3:58 of 1st period - Hampus Lindholm is hit by Connor Chatam.
4:04 of 1st period - Backhand shot by Mikhail Sergachev.
4:04 of 1st period - Deflect By Casey Mittelstadt.
4:04 of 1st period - Stopped by Steve Mason without a rebound.
4:05 of 1st period - Jordan Nolan wins face-off versus Sean Couturier in Flyers zone.
4:10 of 1st period - Wrist shot by Sean Couturier.
4:10 of 1st period - Shot Misses the Net.
4:54 of 1st period - Off-side.
4:55 of 1st period - Henrik Samuelsson wins face-off versus Calle Jarnkrok in neutral zone.
5:07 of 1st period - Snap shot by Calle Jarnkrok.
5:07 of 1st period - Stopped by Samuel Montembeault with a rebound.
5:09 of 1st period - Minor Penalty to Henrik Samuelsson for Tripping.
5:10 of 1st period - Milan Lucic wins face-off versus Jordan Nolan in Rangers zone.
5:21 of 1st period - Wrist shot by Hampus Lindholm.
5:21 of 1st period - Deflect By Jordan Nolan.
5:21 of 1st period - Stopped by Samuel Montembeault with a rebound.
7:09 of 1st period - Penalty to Henrik Samuelsson is over, Henrik Samuelsson is back on ice.
7:23 of 1st period - Wrist shot by Ondrej Palat.
7:23 of 1st period - Shot Misses the Net.
7:25 of 1st period - Slapshot by Patrik Nemeth.
7:25 of 1st period - Deflect By Brian Lashoff.
7:25 of 1st period - Stopped by Steve Mason without a rebound.
7:26 of 1st period - Casey Mittelstadt wins face-off versus Lucas Wallmarkk in Flyers zone.
8:16 of 1st period - Sean Couturier is hit by Max Pacioretty and loses puck.
8:35 of 1st period - Snap shot by Max Pacioretty.
8:35 of 1st period - Shot Misses the Net.
8:37 of 1st period - Snap shot by Travis Konecny.
8:37 of 1st period - Shot Misses the Net.
8:55 of 1st period - Slapshot by Hampus Lindholm.
8:55 of 1st period - Goal by Hampus Lindholm - Flyers : 1 - Rangers : 0.
8:56 of 1st period - Sean Couturier wins face-off versus Jordan Nolan in neutral zone.
9:01 of 1st period - Snap shot by Cale Makar.
9:01 of 1st period - Stopped by Steve Mason with a rebound.
9:23 of 1st period - Devante Smith-Pelly is hit by Kevin Hayes and loses puck.
9:30 of 1st period - Wrist shot by Kasperi Kapanen.
9:30 of 1st period - Stopped by Samuel Montembeault without a rebound.
9:31 of 1st period - Kevin Hayes wins face-off versus Henrik Samuelsson in Rangers zone.
9:38 of 1st period - Snap shot by Kasperi Kapanen.
9:38 of 1st period - Stopped by Samuel Montembeault without a rebound.
9:39 of 1st period - Kevin Hayes wins face-off versus Henrik Samuelsson in Rangers zone.
9:50 of 1st period - Snap shot by Kasperi Kapanen.
9:50 of 1st period - Stopped by Samuel Montembeault with a rebound.
10:04 of 1st period - Slapshot by Oliver Bjorkstrand.
10:04 of 1st period - Stopped by Steve Mason without a rebound.
10:05 of 1st period - Nick Ritchie wins face-off versus Sean Couturier in Flyers zone.
10:32 of 1st period - Tomas Hertl is hit by Erik Karlsson and loses puck.
11:13 of 1st period - Jacob Trouba is hit by Henrik Samuelsson and loses puck.
11:26 of 1st period - Snap shot by Kasperi Kapanen.
11:26 of 1st period - Shot Blocked by Henrik Samuelsson.
11:28 of 1st period - Snap shot by Max Pacioretty.
11:28 of 1st period - Shot Blocked by Henrik Samuelsson.
11:44 of 1st period - Slapshot by Max Pacioretty.
11:44 of 1st period - Shot Misses the Net.
11:46 of 1st period - Wrist shot by Kevin Hayes.
11:46 of 1st period - Shot Misses the Net.
11:48 of 1st period - Slapshot by Jacob Trouba.
11:48 of 1st period - Shot Misses the Net.
11:50 of 1st period - Slapshot by Erik Karlsson.
11:50 of 1st period - Shot Misses the Net.
12:14 of 1st period - Wrist shot by Kasperi Kapanen.
12:14 of 1st period - Shot Misses the Net.
12:16 of 1st period - Slapshot by Kevin Hayes.
12:16 of 1st period - Stopped by Samuel Montembeault with a rebound.
12:18 of 1st period - Slapshot by Erik Karlsson.
12:18 of 1st period - Shot Blocked by Mikhail Sergachev.
12:28 of 1st period - Wrist shot by Max Pacioretty.
12:28 of 1st period - Stopped by Samuel Montembeault with a rebound.
12:30 of 1st period - Wrist shot by Kasperi Kapanen.
12:30 of 1st period - Shot Misses the Net.
13:02 of 1st period - Slapshot by Max Pacioretty.
13:02 of 1st period - Stopped by Samuel Montembeault with a rebound.
13:04 of 1st period - Slapshot by Erik Karlsson.
13:04 of 1st period - Shot Blocked by Mikhail Sergachev.
13:22 of 1st period - Snap shot by Max Pacioretty.
13:22 of 1st period - Stopped by Samuel Montembeault with a rebound.
13:24 of 1st period - Wrist shot by Kasperi Kapanen.
13:24 of 1st period - Shot Blocked by Mikhail Sergachev.
13:26 of 1st period - Slapshot by Jacob Trouba.
13:26 of 1st period - Stopped by Samuel Montembeault with a rebound.
13:28 of 1st period - Slapshot by Jacob Trouba.
13:28 of 1st period - Deflect By Kevin Hayes.
13:28 of 1st period - Stopped by Samuel Montembeault with a rebound.
13:30 of 1st period - Slapshot by Jacob Trouba.
13:30 of 1st period - Deflect By Henrik Samuelsson.
13:30 of 1st period - Stopped by Samuel Montembeault without a rebound.
13:31 of 1st period - Sean Couturier wins face-off versus Nick Ritchie in Rangers zone.
14:39 of 1st period - Jordan Nolan is hit by Ryan Strome and loses puck.
14:56 of 1st period - Tomas Hertl is hit by Niclas Bergfors and loses puck.
15:11 of 1st period - Slapshot by Brian Lashoff.
15:11 of 1st period - Shot Blocked by Connor Chatam.
15:27 of 1st period - Sean Couturier is hit by Jordan Nolan and loses puck.
17:19 of 1st period - Casey Mittelstadt is hit by Lucas Wallmarkk and loses puck.
17:41 of 1st period - Icing by Michael Bournival.
17:42 of 1st period - Sean Couturier wins face-off versus Lucas Wallmarkk in Flyers zone.
18:25 of 1st period - Kevin Hayes is hit by Milan Lucic and loses puck.
19:04 of 1st period - Icing by Nathan Beaulieu.
19:05 of 1st period - Tomas Hertl wins face-off versus Kevin Hayes in Flyers zone.
19:08 of 1st period - Wrist shot by Tomas Hertl.
19:08 of 1st period - Stopped by Steve Mason with a rebound.
19:10 of 1st period - Snap shot by Tomas Hertl.
19:10 of 1st period - Deflect By Devante Smith-Pelly.
19:10 of 1st period - Stopped by Steve Mason without a rebound.
19:11 of 1st period - Kasperi Kapanen wins face-off versus Tomas Hertl in Flyers zone.
19:43 of 1st period - Wrist shot by Kasperi Kapanen.
19:43 of 1st period - Shot Blocked by Ondrej Palat.
19:54 of 1st period - Minor Penalty to Steven Santini for High sticking.
19:55 of 1st period - Jordan Nolan wins face-off versus Milan Lucic in Rangers zone.
Goals for this period are 1 for Flyers vs 0 for Rangers.
Shots for this period are 14 for Flyers vs 6 for Rangers.

2nd period


0:01 of 2nd period - Jordan Nolan wins face-off versus Milan Lucic in neutral zone.
0:14 of 2nd period - Wrist shot by Nick Ritchie.
0:14 of 2nd period - Shot Misses the Net.
0:16 of 2nd period - Slapshot by Brian Lashoff.
0:16 of 2nd period - Stopped by Samuel Montembeault without a rebound.
0:17 of 2nd period - Kevin Hayes wins face-off versus Milan Lucic in Rangers zone.
0:48 of 2nd period - Wrist shot by Travis Konecny.
0:48 of 2nd period - Goal by Travis Konecny - Flyers : 2 - Rangers : 0.
0:49 of 2nd period - Jordan Nolan wins face-off versus Sean Couturier in neutral zone.
0:58 of 2nd period - Slapshot by Milan Lucic.
0:58 of 2nd period - Stopped by Steve Mason with a rebound.
1:43 of 2nd period - Wrist shot by Casey Mittelstadt.
1:43 of 2nd period - Deflect By Connor Chatam.
1:43 of 2nd period - Goal by Connor Chatam - Flyers : 2 - Rangers : 1.
1:44 of 2nd period - Sean Couturier wins face-off versus Jordan Nolan in neutral zone.
1:54 of 2nd period - Minor Penalty to Ryan Strome for Hooking.
1:55 of 2nd period - Jordan Nolan wins face-off versus Milan Lucic in Rangers zone.
2:24 of 2nd period - Off-side.
2:25 of 2nd period - Henrik Samuelsson wins face-off versus Kevin Hayes in neutral zone.
2:38 of 2nd period - Wrist shot by Kasperi Kapanen.
2:38 of 2nd period - Shot Blocked by Dmitry Kulikov.
2:40 of 2nd period - Slapshot by Max Pacioretty.
2:40 of 2nd period - Shot Misses the Net.
2:52 of 2nd period - Dmitry Kulikov is hit by Jacob Trouba and loses puck.
3:13 of 2nd period - Milan Lucic is hit by Kasperi Kapanen and loses puck.
3:49 of 2nd period - Snap shot by Kasperi Kapanen.
3:49 of 2nd period - Stopped by Samuel Montembeault with a rebound.
3:54 of 2nd period - Penalty to Ryan Strome is over, Ryan Strome is back on ice.
3:59 of 2nd period - Snap shot by Kevin Hayes.
3:59 of 2nd period - Deflect By Cale Makar.
3:59 of 2nd period - Shot Blocked by Milan Lucic.
3:59 of 2nd period - Puck is out of play.
4:00 of 2nd period - Jordan Nolan wins face-off versus Tomas Hertl in Rangers zone.
4:33 of 2nd period - Wrist shot by Calle Jarnkrok.
4:33 of 2nd period - Stopped by Samuel Montembeault without a rebound.
4:34 of 2nd period - Calle Jarnkrok wins face-off versus Henrik Samuelsson in Rangers zone.
4:43 of 2nd period - Wrist shot by Niclas Bergfors.
4:43 of 2nd period - Shot Hit the Post.
4:45 of 2nd period - Wrist shot by Samuel Morin.
4:45 of 2nd period - Deflect By Calle Jarnkrok.
4:45 of 2nd period - Stopped by Samuel Montembeault without a rebound.
4:46 of 2nd period - Tomas Hertl wins face-off versus Jordan Nolan in Rangers zone.
4:59 of 2nd period - Wrist shot by Nick Ritchie.
4:59 of 2nd period - Shot Misses the Net.
5:01 of 2nd period - Wrist shot by Brian Lashoff.
5:01 of 2nd period - Stopped by Samuel Montembeault with a rebound.
5:39 of 2nd period - Slapshot by Cale Makar.
5:39 of 2nd period - Stopped by Steve Mason without a rebound.
5:40 of 2nd period - Calle Jarnkrok wins face-off versus Sean Couturier in Flyers zone.
5:53 of 2nd period - Slapshot by Milan Lucic.
5:53 of 2nd period - Stopped by Steve Mason without a rebound.
5:54 of 2nd period - Travis Konecny wins face-off versus Sean Couturier in Flyers zone.
6:21 of 2nd period - Snap shot by David Pope.
6:21 of 2nd period - Stopped by Steve Mason without a rebound.
6:22 of 2nd period - Kevin Hayes wins face-off versus Casey Mittelstadt in Flyers zone.
7:31 of 2nd period - Snap shot by Lucas Wallmarkk.
7:31 of 2nd period - Stopped by Samuel Montembeault with a rebound.
7:33 of 2nd period - Wrist shot by Lucas Wallmarkk.
7:33 of 2nd period - Shot Blocked by Mikhail Sergachev.
7:35 of 2nd period - Snap shot by Lucas Wallmarkk.
7:35 of 2nd period - Shot Misses the Net.
7:47 of 2nd period - Minor Penalty to Oliver Bjorkstrand for Roughing.
7:48 of 2nd period - Milan Lucic wins face-off versus Jordan Nolan in Rangers zone.
7:48 of 2nd period - Milan Lucic is hit by Brian Lashoff.
7:59 of 2nd period - Snap shot by Travis Konecny.
7:59 of 2nd period - Shot Misses the Net.
8:53 of 2nd period - Wrist shot by Kasperi Kapanen.
8:53 of 2nd period - Shot Hit the Post.
9:25 of 2nd period - Casey Mittelstadt is hit by Alexandre Grenier and loses puck.
9:47 of 2nd period - Penalty to Oliver Bjorkstrand is over, Oliver Bjorkstrand is back on ice.
10:15 of 2nd period - Icing by Cale Makar.
10:16 of 2nd period - Milan Lucic wins face-off versus Calle Jarnkrok in Rangers zone.
11:26 of 2nd period - Slapshot by Devante Smith-Pelly.
11:26 of 2nd period - Stopped by Steve Mason without a rebound.
11:27 of 2nd period - Jordan Nolan wins face-off versus Tomas Hertl in Flyers zone.
11:52 of 2nd period - Snap shot by Ondrej Palat.
11:52 of 2nd period - Shot Blocked by Jacob Trouba.
11:54 of 2nd period - Snap shot by Ondrej Palat.
11:54 of 2nd period - Stopped by Steve Mason with a rebound.
11:56 of 2nd period - Snap shot by Dmitry Kulikov.
11:56 of 2nd period - Deflect By Tomas Hertl.
11:56 of 2nd period - Shot Misses the Net.
11:56 of 2nd period - Puck is out of play.
11:57 of 2nd period - Kevin Hayes wins face-off versus Sean Couturier in Flyers zone.
12:06 of 2nd period - Icing by Dmitry Kulikov.
12:07 of 2nd period - Kevin Hayes wins face-off versus Sean Couturier in Rangers zone.
12:18 of 2nd period - Wrist shot by Ryan Strome.
12:18 of 2nd period - Stopped by Steve Mason without a rebound.
12:19 of 2nd period - Jordan Nolan wins face-off versus Sean Couturier in Flyers zone.
12:19 of 2nd period - Jordan Nolan is hit by Sean Couturier.
12:22 of 2nd period - Icing by Brian Lashoff.
12:23 of 2nd period - Jordan Nolan wins face-off versus Sean Couturier in Flyers zone.
12:23 of 2nd period - Jordan Nolan is hit by Cale Makar.
12:45 of 2nd period - Minor Penalty to Jake McCabe for High sticking.
12:46 of 2nd period - Sean Couturier wins face-off versus Jordan Nolan in Rangers zone.
12:57 of 2nd period - Brian Lashoff is hit by Sean Couturier and loses puck.
13:12 of 2nd period - Steven Santini is hit by Hampus Lindholm and loses puck.
14:45 of 2nd period - Penalty to Jake McCabe is over, Jake McCabe is back on ice.
16:20 of 2nd period - Snap shot by Alexandre Grenier.
16:20 of 2nd period - Stopped by Samuel Montembeault without a rebound.
16:21 of 2nd period - Henrik Samuelsson wins face-off versus Jordan Nolan in Rangers zone.
16:30 of 2nd period - Slapshot by Cale Makar.
16:30 of 2nd period - Shot Blocked by Travis Konecny.
16:36 of 2nd period - Slapshot by Hampus Lindholm.
16:36 of 2nd period - Stopped by Samuel Montembeault with a rebound.
17:22 of 2nd period - Snap shot by Tomas Hertl.
17:22 of 2nd period - Stopped by Steve Mason with a rebound.
17:53 of 2nd period - Icing by Jordan Nolan.
17:54 of 2nd period - Jordan Nolan wins face-off versus Oliver Bjorkstrand in Flyers zone.
18:06 of 2nd period - Icing by Viktor Arvidsson.
18:07 of 2nd period - Henrik Samuelsson wins face-off versus Jordan Nolan in Rangers zone.
18:15 of 2nd period - Snap shot by Henrik Samuelsson.
18:15 of 2nd period - Stopped by Steve Mason with a rebound.
18:17 of 2nd period - Slapshot by Mikhail Sergachev.
18:17 of 2nd period - Shot Blocked by Jacob Trouba.
18:19 of 2nd period - Slapshot by Mikhail Sergachev.
18:19 of 2nd period - Shot Blocked by Nick Ritchie.
18:56 of 2nd period - Wrist shot by Ryan Strome.
18:56 of 2nd period - Stopped by Steve Mason with a rebound.
18:58 of 2nd period - Snap shot by Mikhail Sergachev.
18:58 of 2nd period - Shot Misses the Net.
19:02 of 2nd period - Wrist shot by Sean Couturier.
19:02 of 2nd period - Shot Blocked by Nathan Beaulieu.
19:04 of 2nd period - Slapshot by Dmitry Kulikov.
19:04 of 2nd period - Stopped by Steve Mason without a rebound.
19:05 of 2nd period - Sean Couturier wins face-off versus Travis Konecny in Flyers zone.
19:12 of 2nd period - Wrist shot by Milan Lucic.
19:12 of 2nd period - Shot Misses the Net.
19:14 of 2nd period - Snap shot by Ryan Strome.
19:14 of 2nd period - Shot Misses the Net.
19:16 of 2nd period - Snap shot by Sean Couturier.
19:16 of 2nd period - Shot Misses the Net.
19:18 of 2nd period - Slapshot by Cale Makar.
19:18 of 2nd period - Stopped by Steve Mason without a rebound.
19:19 of 2nd period - Sean Couturier wins face-off versus Jordan Nolan in Flyers zone.
19:31 of 2nd period - Brian Lashoff is hit by Jake McCabe and loses puck.
19:36 of 2nd period - Wrist shot by Nick Ritchie.
19:36 of 2nd period - Deflect By Travis Konecny.
19:36 of 2nd period - Stopped by Samuel Montembeault without a rebound.
19:37 of 2nd period - Tomas Hertl wins face-off versus Kevin Hayes in Rangers zone.
Goals for this period are 1 for Flyers vs 1 for Rangers.
Shots for this period are 10 for Flyers vs 13 for Rangers.

3rd period


0:01 of 3rd period - Sean Couturier wins face-off versus Jordan Nolan in neutral zone.
0:26 of 3rd period - Ondrej Palat is hit by Hampus Lindholm and loses puck.
0:51 of 3rd period - Steven Santini is hit by Niclas Bergfors.
0:55 of 3rd period - Wrist shot by Niclas Bergfors.
0:55 of 3rd period - Shot Misses the Net.
1:21 of 3rd period - Wrist shot by Nick Ritchie.
1:21 of 3rd period - Shot Misses the Net.
1:39 of 3rd period - Snap shot by David Pope.
1:39 of 3rd period - Stopped by Steve Mason with a rebound.
1:41 of 3rd period - Slapshot by Patrik Nemeth.
1:41 of 3rd period - Shot Blocked by Brian Lashoff.
2:26 of 3rd period - Wrist shot by Milan Lucic.
2:26 of 3rd period - Stopped by Steve Mason without a rebound.
2:27 of 3rd period - Henrik Samuelsson wins face-off versus Nick Ritchie in Flyers zone.
2:32 of 3rd period - Wrist shot by Cale Makar.
2:32 of 3rd period - Stopped by Steve Mason without a rebound.
2:33 of 3rd period - Henrik Samuelsson wins face-off versus Jordan Nolan in Flyers zone.
3:08 of 3rd period - Snap shot by Kasperi Kapanen.
3:08 of 3rd period - Stopped by Samuel Montembeault with a rebound.
3:44 of 3rd period - Icing by Erik Karlsson.
3:45 of 3rd period - Calle Jarnkrok wins face-off versus Casey Mittelstadt in Flyers zone.
4:00 of 3rd period - Snap shot by Calle Jarnkrok.
4:00 of 3rd period - Goal by Calle Jarnkrok - Flyers : 3 - Rangers : 1.
4:01 of 3rd period - Jordan Nolan wins face-off versus Sean Couturier in neutral zone.
4:28 of 3rd period - Max Pacioretty is hit by Jake McCabe and loses puck.
4:56 of 3rd period - Snap shot by Niclas Bergfors.
4:56 of 3rd period - Stopped by Samuel Montembeault with a rebound.
5:07 of 3rd period - Cal Foote is hit by Oliver Bjorkstrand.
5:16 of 3rd period - Cale Makar is hit by Calle Jarnkrok and loses puck.
5:41 of 3rd period - Wrist shot by Samuel Morin.
5:41 of 3rd period - Shot Blocked by Henrik Samuelsson.
5:43 of 3rd period - Snap shot by Samuel Morin.
5:43 of 3rd period - Stopped by Samuel Montembeault without a rebound.
5:44 of 3rd period - Jordan Nolan wins face-off versus Sean Couturier in Rangers zone.
6:19 of 3rd period - Snap shot by Kevin Hayes.
6:19 of 3rd period - Stopped by Samuel Montembeault with a rebound.
6:43 of 3rd period - Casey Mittelstadt is hit by Erik Karlsson and loses puck.
6:56 of 3rd period - Slapshot by Steven Santini.
6:56 of 3rd period - Shot Blocked by Jacob Trouba.
9:22 of 3rd period - Cale Makar is hit by Kasperi Kapanen.
9:41 of 3rd period - Erik Karlsson is hit by Dmitry Kulikov.
9:47 of 3rd period - Dmitry Kulikov is hit by Brian Lashoff and loses puck.
10:07 of 3rd period - Michael Bournival is hit by Steven Santini and loses puck.
10:22 of 3rd period - Casey Mittelstadt is hit by Jordan Nolan and loses puck.
10:29 of 3rd period - Jacob Trouba is hit by Connor Chatam and loses puck.
11:21 of 3rd period - Oliver Bjorkstrand is hit by Alexandre Grenier and loses puck.
11:30 of 3rd period - Snap shot by Hampus Lindholm.
11:30 of 3rd period - Shot Blocked by Viktor Arvidsson.
11:32 of 3rd period - Slapshot by Brian Lashoff.
11:32 of 3rd period - Stopped by Samuel Montembeault with a rebound.
11:48 of 3rd period - Sean Couturier is hit by Kasperi Kapanen and loses puck.
12:01 of 3rd period - Snap shot by David Pope.
12:01 of 3rd period - Shot Blocked by Hampus Lindholm.
12:03 of 3rd period - Wrist shot by Casey Mittelstadt.
12:03 of 3rd period - Shot Misses the Net.
12:05 of 3rd period - Slapshot by Steven Santini.
12:05 of 3rd period - Deflect By Connor Chatam.
12:05 of 3rd period - Stopped by Steve Mason with a rebound.
12:07 of 3rd period - Snap shot by David Pope.
12:07 of 3rd period - Shot Blocked by Travis Konecny.
12:09 of 3rd period - Slapshot by Steven Santini.
12:09 of 3rd period - Shot Misses the Net.
12:45 of 3rd period - Wrist shot by Viktor Arvidsson.
12:45 of 3rd period - Shot Misses the Net.
14:10 of 3rd period - Snap shot by Kevin Hayes.
14:10 of 3rd period - Deflect By Kasperi Kapanen.
14:10 of 3rd period - Shot Misses the Net.
14:10 of 3rd period - Puck is out of play.
14:11 of 3rd period - Jordan Nolan wins face-off versus Milan Lucic in Rangers zone.
14:16 of 3rd period - Snap shot by Nick Ritchie.
14:16 of 3rd period - Stopped by Samuel Montembeault without a rebound.
14:17 of 3rd period - Sean Couturier wins face-off versus Jordan Nolan in Rangers zone.
14:32 of 3rd period - Slapshot by Jordan Nolan.
14:32 of 3rd period - Stopped by Samuel Montembeault without a rebound.
14:33 of 3rd period - Jordan Nolan wins face-off versus Tomas Hertl in Rangers zone.
14:46 of 3rd period - Snap shot by Ondrej Palat.
14:46 of 3rd period - Shot Blocked by Jordan Nolan.
14:48 of 3rd period - Snap shot by Devante Smith-Pelly.
14:48 of 3rd period - Stopped by Steve Mason with a rebound.
14:50 of 3rd period - Slapshot by Cale Makar.
14:50 of 3rd period - Shot Misses the Net.
15:29 of 3rd period - Snap shot by Viktor Arvidsson.
15:29 of 3rd period - Stopped by Steve Mason with a rebound.
15:31 of 3rd period - Wrist shot by Henrik Samuelsson.
15:31 of 3rd period - Stopped by Steve Mason with a rebound.
15:46 of 3rd period - Icing by Connor Chatam.
15:47 of 3rd period - Jordan Nolan wins face-off versus Casey Mittelstadt in Rangers zone.
15:52 of 3rd period - Backhand shot by Jordan Nolan.
15:52 of 3rd period - Shot Hit the Post.
16:15 of 3rd period - Snap shot by Connor Chatam.
16:15 of 3rd period - Goal by Connor Chatam - Flyers : 3 - Rangers : 2.
16:16 of 3rd period - Jordan Nolan wins face-off versus Henrik Samuelsson in neutral zone.
16:31 of 3rd period - Snap shot by Travis Konecny.
16:31 of 3rd period - Shot Blocked by Cale Makar.
17:41 of 3rd period - Wrist shot by Ondrej Palat.
17:41 of 3rd period - Deflect By Tomas Hertl.
17:41 of 3rd period - Shot Blocked by Kasperi Kapanen.
17:41 of 3rd period - Puck is out of play.
17:42 of 3rd period - Henrik Samuelsson wins face-off versus Kevin Hayes in Flyers zone.
18:09 of 3rd period - Calle Jarnkrok is hit by Cale Makar and loses puck.
18:38 of 3rd period - Icing by Nick Ritchie.
18:39 of 3rd period - Kevin Hayes wins face-off versus Sean Couturier in Flyers zone.
18:44 of 3rd period - Slapshot by Brian Lashoff.
18:44 of 3rd period - Deflect By Kasperi Kapanen.
18:44 of 3rd period - Deflect By Ryan Strome.
18:44 of 3rd period - Shot Misses the Net.
18:44 of 3rd period - Puck is out of play.
18:45 of 3rd period - Claude Julien call a timeout for Rangers.
18:45 of 3rd period - Sean Couturier wins face-off versus Kevin Hayes in Rangers zone.
18:54 of 3rd period - Snap shot by Max Pacioretty.
18:54 of 3rd period - Shot Misses the Net.
19:40 of 3rd period - Rangers, Samuel Montembeault is pulled from the net.
19:48 of 3rd period - Slapshot by Sean Couturier.
19:48 of 3rd period - Stopped by Steve Mason without a rebound.
19:49 of 3rd period - Ondrej Palat wins face-off versus Nick Ritchie in Flyers zone.
Goals for this period are 1 for Flyers vs 1 for Rangers.
Shots for this period are 8 for Flyers vs 9 for Rangers.